 Dungeon Crawl Stone Soup version 0.28-a0-577-gb193047a1f (webtiles) character file.

Game seed: 2026171815276289618

3589 Gwenloh the Cleaver (level 9, 0/77 HPs)
             Began as a Palentonga Berserker on Oct 2, 2021.
             Was a Priest of Trog.
             Succumbed to Erica's bolt of poison
             ... on level 8 of the Dungeon.
             The game lasted 00:28:25 (7351 turns).

Gwenloh the Cleaver (Palentonga Berserker)          Turns: 7351, Time: 00:28:26

Health: 0/77       AC:  7    Str: 22    XL:     9   Next: 85%
Magic:  9/9        EV: 15    Int:  7    God:    Trog [***...]
Gold:   109        SH:  0    Dex: 12    Spells: 8/8 levels left

rFire   . . .      SeeInvis +   u - +2 war axe (venom)
rCold   . . .      Faith    .   (no shield)
rNeg    . . .      Spirit   .   x - +1 steam dragon scales
rPois   .          Reflect  .   (no helmet)
rElec   .          Harm     .   (no cloak)
rCorr   +          Rampage  .   (no gloves)
Will    ++...                   (no barding)
Stlth   +.........              (no amulet)
HPRegen 1.22/turn               t - ring of resist corrosion
MPRegen 0.11/turn               y - +4 ring of evasion

@: lethally poisoned (0 -> -1), strong-willed, on berserk cooldown,
regenerating, slowed, very slow
A: large, rugged brown scales 3, see invisible, deformed body, roll 1, armoured
tail, reflexive curl
a: Rolling Charge, Renounce Religion, Berserk, Trog's Hand


You were on level 8 of the Dungeon.
You worshipped Trog.
Trog was most pleased with you.
You visited 2 branches of the dungeon, and saw 9 of its levels.

You collected 407 gold pieces.
You spent 298 gold pieces at shops.

Inventory:

Hand Weapons
 n - a +3 war axe of freezing
 u - a +2 war axe of venom (weapon)
 w - a +0 flail
 z - a +2 battleaxe
Missiles
 c - 102 stones
 l - 55 sling bullets
Armour
 b - a +0 buckler
 x - +1 steam dragon scales (worn)
Jewellery
 t - a ring of resist corrosion (left hand)
 y - a +4 ring of evasion (right hand)
Scrolls
 d - 2 scrolls of blinking
 e - 4 scrolls of fog
 k - a scroll of magic mapping
 m - a scroll of teleportation
 o - a scroll of acquirement {unknown}
 r - a scroll of immolation {unknown}
 s - a scroll of enchant armour {unknown}
 A - a scroll of identify
Potions
 a - a potion of invisibility
 f - 2 potions of haste
 g - a potion of heal wounds
 h - a potion of flight {unknown}
 i - 2 potions of attraction
 j - a potion of cancellation {unknown}
 p - a potion of curing
 q - a potion of degeneration {unknown}
 v - a potion of lignification {unknown}


   Skills:
 + Level 7.0 Fighting
 * Level 9.5 Axes
 + Level 5.4 Armour
 + Level 5.5 Dodging


You had 8 spell levels left.
You didn't know any spells.
Your spell library contained the following spells:

 Spells                   Type           Power      Damage    Failure   Level
 Foxfire                  Conj/Fire      0%         2x1d4     43%         1
 Ignite Poison            Fire/Tmut/Pois 0%         N/A       80%         3
 Mephitic Cloud           Conj/Pois/Air  0%         N/A       80%         3
 Freezing Cloud           Conj/Ice/Air   0%         6-21      100%        5
 Starburst                Conj/Fire      0%         6d3       100%        6
 Fire Storm               Conj/Fire      0%         5d1       100%        9


Dungeon Overview and Level Annotations

Branches:
Dungeon (8/15)             Temple (1/1) D:5
   Lair: D:8-11

Altars:
Ashenzari
Cheibriados
Dithmenos
Elyvilon
Fedhas
Gozag
Hepliaklqana
Kikubaaqudgha
Makhleb
Nemelex Xobeh
Okawaru
Qazlal
Ru
Sif Muna
Uskayaw
Vehumet
Wu Jian
Xom
Yredelemnul

Shops:
D:1 ?   D:2 (

Annotations:
D:3 3 runed translucent doors, bmj180's ghost, amateur GnWn


Innate Abilities, Weirdness & Mutations

You are completely covered in rugged brown scales. (AC +3, +7% HP)
You have supernaturally acute eyesight. (SInv)
Armour fits poorly on your strangely shaped body.
You can roll at nearby foes to attack.
You have a long armoured tail.
You curl defensively after being hit.


Message History

The bolt of poison hits you!!
You are more poisoned.
* * * LOW HITPOINT WARNING * * *
You closely miss Erica. You tail-slap Erica!
Erica is lightly wounded.
You feel very sick.
Erica hits you with a +3 scimitar of flaming!
* * * LOW HITPOINT WARNING * * *
Erica burns you.
* * * LOW HITPOINT WARNING * * *
You are too berserk!
You slash Erica!
Erica is moderately wounded.
* * * LOW HITPOINT WARNING * * *
You feel sick.
You slice Erica!!
Erica looks as sick as possible!
You tail-slap Erica.
Erica is severely wounded.
* * * LOW HITPOINT WARNING * * *
You feel very sick. Erica closely misses you.
You slash Erica!
Erica looks as sick as possible!
You tail-slap Erica.
You kill Erica!
Trog accepts your kill.
Trog appreciates your killing of a magic user.
* * * LOW HITPOINT WARNING * * *
You feel sick.
Your Fighting skill increases to level 7!
You are too berserk!
You are too berserk!
* * * LOW HITPOINT WARNING * * *
You feel sick.
You feel a strong urge to attack something.
* * * LOW HITPOINT WARNING * * *
You feel sick.
* * * LOW HITPOINT WARNING * * *
You feel sick.
You feel your anger nearly subside.
You are no longer berserk.
You are exhausted.
You feel yourself slow down.
You die...

#############
#...........#
#.#########.#
#)# #.## #†#
#...
###########.#
####
...(..)@.)..#
##########.)#
#..# #######
######.)#
#......
#≈≈≈≈≈..#
#.#####
#≈≈...≈(##
#.# .≈..○§.≈#
### #≈.._°.≈#
#≈..§°.≈#


There were no monsters in sight!

Vanquished Creatures
  Erica (D:8)
  A deep elf pyromancer (D:7)
  Maggie (D:6)
  A tengu conjurer (D:8)
  A black bear (D:6)
  2 ice beasts
  An ogre (D:4)
  3 bullfrogs
  7 killer bees
  10 wights
  2 bullfrog zombies
  A centaur zombie (D:7)
  3 hounds
  2 jellies
  2 orc priests
  A gnoll shaman (D:7)
  A centaur skeleton (D:6)
  An iguana (D:7)
  2 orc wizards (D:6)
  2 killer bee zombies (D:8)
  4 howler monkey zombies
  A howler monkey skeleton (D:7)
  7 adders
  8 gnolls
  5 white imps
  2 worms (D:2)
  A dart slug (D:1)
  19 orcs
  4 ball pythons
  6 endoplasms
  4 giant cockroaches
  4 goblins
  2 hobgoblins
  2 jackals (D:3)
  3 quokkas
  8 bats
  3 frilled lizards
  3 kobolds
  3 rats
134 creatures vanquished.

Vanquished Creatures (others)
  A plant (D:2)
1 creature vanquished.

Grand Total: 135 creatures vanquished

Notes
Turn   | Place    | Note
-------+----------+-------------------------------------------
     0 | D:1      | Gwenloh the Palentonga Berserker began the quest for the
                  | Orb.
     0 | D:1      | Reached XP level 1. HP: 19/19 MP: 1/1
   309 | D:1      | You fall into a shaft and drop 1 floor!
   336 | D:2      | Reached XP level 2. HP: 25/25 MP: 2/2
   561 | D:1      | Found Fosepad's Magic Scroll Emporium.
   566 | D:1      | Bought a scroll of identify for 26 gold pieces
   895 | D:2      | Found Teezupysch's Antique Weapon Shoppe.
   981 | D:2      | Reached XP level 3. HP: 31/31 MP: 3/3
  1626 | D:3      | Reached ** piety under Trog
  1789 | D:3      | Found a runed translucent gate.
  1789 | D:3      | Found a runed translucent gate.
  1790 | D:3      | Found a runed translucent gate.
  1790 | D:3      | Noticed bmj180's ghost (amateur GnWn)
  1930 | D:3      | Reached XP level 4. HP: 37/37 MP: 4/4
  2317 | D:4      | Reached skill level 4 in Axes
  2541 | D:4      | Noticed an ogre
  2544 | D:4      | Killed an ogre
  2545 | D:4      | Reached XP level 5. HP: 44/44 MP: 5/5
  2890 | D:5      | Entered Level 5 of the Dungeon
  3188 | D:5      | Found a white marble altar of Elyvilon.
  3215 | D:5      | Reached XP level 6. HP: 51/51 MP: 6/6
  3219 | D:5      | Reached skill level 5 in Axes
  3306 | D:5      | Found a shimmering blue altar of Sif Muna.
  3334 | D:5      | Found a staircase to the Ecumenical Temple.
  3350 | Temple   | Entered the Ecumenical Temple
  3579 | D:5      | Noticed an ice beast
  3585 | D:5      | Killed an ice beast
  4000 | D:5      | Reached *** piety under Trog
  4339 | D:1      | Bought a scroll of identify for 26 gold pieces
  4339 | D:1      | Bought a scroll of identify for 26 gold pieces
  4339 | D:1      | Bought a scroll of identify for 26 gold pieces
  4344 | D:1      | Bought a scroll of blinking for 97 gold pieces
  4344 | D:1      | Bought a scroll of enchant weapon for 97 gold pieces
  4500 | D:6      | Gained mutation: You curl defensively after being hit.
                  | [Palentonga growth]
  4500 | D:6      | Reached XP level 7. HP: 53/58 MP: 7/7
  4866 | D:6      | Found a basalt altar of Yredelemnul.
  5003 | D:6      | Reached skill level 6 in Axes
  5189 | D:6      | Identified the +6 quarterstaff "Fenotuof" {flame, Str+4}
  5224 | D:6      | Noticed Maggie
  5241 | D:6      | HP: 4/87 [Maggie (6)]
  5244 | D:6      | Killed Maggie
  5245 | D:6      | Reached skill level 5 in Fighting
  5245 | D:6      | Reached XP level 8. HP: 4/66 MP: 8/8
  5607 | D:6      | Found an ornate altar of the Wu Jian Council.
  5869 | D:7      | Reached skill level 7 in Axes
  6064 | D:7      | Got the Disquisition on Flames
  6399 | D:7      | Reached skill level 8 in Axes
  6747 | D:7      | Reached XP level 9. HP: 69/73 MP: 9/9
  6782 | D:7      | Found a blossoming altar of Fedhas.
  6904 | D:7      | Found a snail-covered altar of Cheibriados.
  6967 | D:7      | Noticed a deep elf pyromancer
  6971 | D:7      | Killed a deep elf pyromancer
  7114 | D:7      | Found an ancient bone altar of Kikubaaqudgha.
  7208 | D:8      | Noticed a tengu conjurer
  7226 | D:8      | Reached skill level 5 in Dodging
  7229 | D:8      | Killed a tengu conjurer
  7230 | D:8      | Reached skill level 5 in Armour
  7255 | D:8      | Reached skill level 9 in Axes
  7309 | D:8      | Found a shimmering altar of Xom.
  7336 | D:8      | Noticed Erica
  7345 | D:8      | HP: 5/112 [poisoned by Erica (bolt of poison)]
  7346 | D:8      | HP: 2/112 [poisoned by Erica (bolt of poison)]
  7347 | D:8      | Killed Erica
  7351 | D:8      | Succumbed to Erica's bolt of poison

Illustrated notes

Levels and vault maps discovered:
D:1:      ebering_trefoil_twist, layout_loops_ring, serial_shops, shop,
          minmay_crystal_room, dk_noncrumbling_2, grunt_decor_clamped,
          minmay_hedge_maze
D:2:      layout_loops_cross, serial_shops, shop_fountains, serial_bayou,
          serial_bayou_pond_b, serial_bayou_shore_a, serial_bayou_ford_a,
          serial_bayou_pond_a
D:3:      wander_river, layout_rooms, ebering_ghost_rock_garden,
          grunt_ministairs_14
D:4:      layout_rooms, hangedman_abyss_or_decor_slice
D:5:      layout_basic, elyvilon_altar_5, amcnicky_altar_gilded,
          minmay_temple_entry_grid, amethyst_killhole, st_stairs_4
D:6:      layout_cave_pods, mainiacjoe_overflow_six_doors_small,
          kennysheep_little_box, minmay_liquid_box, uniq_maggie
D:7:      layout_loops_ring, fedhas_altar_fruit_tree,
          nicolae_overflow_hidden_temple, lemuel_doored_altar,
          guppyfry_early_elven_hall
D:8:      kennysheep_ambush_hall, layout_loops_ring, xom_confusion_cloud,
          uniq_harold, uniq_erica
Temple:   jpeg_temple_clearing

Skill      XL: |  1  2  3  4  5  6  7  8  9 |
---------------+----------------------------+-----
Dodging        | 2 3 4 5 |  5.5
Armour         | 2 3 4 5 |  5.4
Axes           | 4 5 6 8 9 |  9.5
Fighting       | 4 5 6 7 |  7.0

Action                   |  1- 3 |  4- 6 |  7- 9 || total
-------------------------+-------+-------+-------++-------
Melee: Hand axe          |    73 |    38 |       ||   111
       Tailslap          |     9 |    12 |    20 ||    41
       War axe           |       |    71 |   130 ||   201
       Battleaxe         |       |       |    33 ||    33
Throw: Stone             |    20 |    17 |    11 ||    48
       Dart              |       |       |    11 ||    11
Invok: Berserk           |     6 |     4 |     9 ||    19
       Trog's Hand       |       |     2 |     6 ||     8
 Abil: Rolling Charge    |    32 |    26 |    21 ||    79
Evoke: Wand              |       |     4 |       ||     4
  Use: Scroll            |     4 |    10 |     1 ||    15
       Potion            |       |       |     9 ||     9
 Stab: Invisible         |       |       |     2 ||     2
Armor: Animal skin       |    24 |       |       ||    24
       Ring mail         |       |    38 |    15 ||    53
       Steam dragon scal |       |       |    55 ||    55
Dodge: Dodged            |    27 |    45 |   105 ||   177

Table legend: (Time is in decaauts)
 A = Elapsed time spent in this place.
 B = Non-inter-level travel time spent in this place.
 C = Inter-level travel time spent in this place.
 D = Time resting spent in this place.
 E = Time spent auto-exploring this place.
 F = Levels seen in this place.
 G = Mean time per level.
                   A        B        C        D        E       F      G
               +--------+--------+--------+--------+--------+-----+--------+
         Total |   7606 |   7257 |    349 |   1344 |   4834 |   9 |  845.1 |
       Dungeon |   7442 |   7110 |    332 |   1344 |   4700 |   8 |  930.2 |
        Temple |    163 |    146 |     17 |      0 |    134 |   1 |  163.0 |
               +--------+--------+--------+--------+--------+-----+--------+

Top non-repeatable levels by time:
     D:6: 1456 daAuts
     D:7: 1289 daAuts
     D:5: 1268 daAuts
     D:2: 881 daAuts
     D:1: 818 daAuts
     D:3: 781 daAuts
     D:4: 713 daAuts
     D:8: 233 daAuts
  Temple: 163 daAuts
